PCL
REDWOOD CITY REDWOODS @ MILE HIGH BRONCOS
07/06/2028
 
TOP OF THE 1ST
Redwood City Redwoods batting - Pitching for Mile High Broncos : RHP Denny Green
Pitching: RHP Denny Green
Batting: LHB Mike Harris 0-0: Ball
1-0: Ball
2-0: Foul Ball, location: 2F
2-1: Foul Ball, location: 2F
2-2: Strikes out swinging
Batting: RHB Robert Downing 0-0: Ball
1-0: Ball
2-0: Called Strike
2-1: Ground out 4-3 (Groundball, 34)
Batting: LHB Patrick Bright 0-0: Foul Ball, location: 2F
0-1: Ball
1-1: Called Strike
1-2: Ball
2-2: Foul Ball, location: 2F
2-2: Fly out, F9 (Flyball, 9S)
Top of the 1st over - 0 run(s), 0 hit(s), 0 error(s), 0 left on base; Redwood City 0 - Mile High 0
BOTTOM OF THE 1ST
Mile High Broncos batting - Pitching for Redwood City Redwoods : RHP Will Jackson
Pitching: RHP Will Jackson
Batting: LHB Ernesto López 0-0: Ball
1-0: Foul Ball, location: 2F
1-1: Fly out, F9 (Flyball, 9D)
Batting: LHB Mark Everett 0-0: Ball
1-0: Ground out 6-3 (Groundball, 6MD)
Batting: RHB David Moran 0-0: Ball
1-0: Called Strike
1-1: Ball
2-1: Ball
3-1: SINGLE (Line Drive, 4D)
Batting: LHB Dave Cook 0-0: Ball
1-0: Foul Ball, location: 2F
1-1: Ball
2-1: Ball
3-1: SINGLE (Groundball, 56D)
David Moran to second
Batting: RHB António Martínez 0-0: Ball
1-0: Foul Ball, location: 2F
1-1: Foul Ball, location: 2F
1-2: Foul Ball, location: 2F
1-2: Ball
2-2: Strikes out swinging
Bottom of the 1st over - 0 run(s), 2 hit(s), 0 error(s), 2 left on base; Redwood City 0 - Mile High 0
TOP OF THE 2ND
Redwood City Redwoods batting - Pitching for Mile High Broncos : RHP Denny Green
Batting: RHB Steve Sampson 0-0: Ball
1-0: Foul Ball, location: 2F
1-1: SINGLE (Groundball, 25) (infield hit)
Batting: LHB José Peralta 0-0: Ball
1-0: Fly out, F7 (Flyball, 7)
Batting: RHB Anastasio García 0-0: Ball
1-0: Fly out, F4 (Popup, 34D)
Batting: LHB Pedro Rodríguez 0-0: Called Strike
0-1: Called Strike
0-2: SINGLE (Groundball, 6MD)
Steve Sampson to second
Runner from 2nd tries for 3rd, SAFE, throw made to third
Pedro Rodríguez to second
Batting: RHB David Strickland 0-0: Called Strike
0-1: Fly out, F9 (Line Drive, 9S)
Top of the 2nd over - 0 run(s), 2 hit(s), 0 error(s), 2 left on base; Redwood City 0 - Mile High 0
BOTTOM OF THE 2ND
Mile High Broncos batting - Pitching for Redwood City Redwoods : RHP Will Jackson
Batting: RHB Jeff Packard 0-0: Called Strike
0-1: Ball
1-1: Foul Ball, location: 2F
1-2: Ball
2-2: Ground out 4-3 (Groundball, 4S)
Batting: RHB Edward Williams 0-0: Called Strike
0-1: Foul Ball, location: 2F
0-2: Ball
1-2: Ball
2-2: Foul Ball, location: 2F
2-2: Ball
3-2: Fly out, F8 (Line Drive, 8LM)
Batting: RHB John Brown 0-0: Ball
1-0: Ball
2-0: Ball
3-0: Called Strike
3-1: Swinging Strike
3-2: Base on Balls
Batting: RHB Evan Robinson 0-0: Called Strike
0-1: Called Strike
0-2: Ball
1-2: Strikes out swinging
Bottom of the 2nd over - 0 run(s), 0 hit(s), 0 error(s), 1 left on base; Redwood City 0 - Mile High 0
TOP OF THE 3RD
Redwood City Redwoods batting - Pitching for Mile High Broncos : RHP Denny Green
Batting: RHB Luis Ramírez 0-0: Called Strike
0-1: Ball
1-1: Ball
2-1: Ground out 4-3 (Groundball, 4)
Batting: LHB Mike Harris 0-0: Ball
1-0: Swinging Strike
1-1: Foul Ball, location: 2F
1-2: Ground out 4-3 (Groundball, 4)
Batting: RHB Robert Downing 0-0: Ball
1-0: Ball
2-0: Ground out 4-3 (Groundball, 4)
Top of the 3rd over - 0 run(s), 0 hit(s), 0 error(s), 0 left on base; Redwood City 0 - Mile High 0
BOTTOM OF THE 3RD
Mile High Broncos batting - Pitching for Redwood City Redwoods : RHP Will Jackson
Batting: LHB Ernesto López 0-0: Ball
1-0: Ball
2-0: Foul Ball, location: 2F
2-1: Swinging Strike
2-2: Ball
3-2: Fly out, F9 (Flyball, 9D)
Batting: LHB Mark Everett 0-0: Ball
1-0: SOLO HOME RUN (Line Drive, 8LXD), Distance : 440 ft
Batting: RHB David Moran 0-0: Ground out 4-3 (Groundball, 4D)
Batting: LHB Dave Cook 0-0: Foul Ball, location: 2F
0-1: Ball
1-1: Ball
2-1: Foul Ball, location: 2F
2-2: Ball
3-2: Base on Balls
Batting: RHB António Martínez 0-0: Ball
1-0: Called Strike
1-1: Swinging Strike
1-2: Foul Ball, location: 2F
1-2: Ball
2-2: Strikes out swinging
Bottom of the 3rd over - 1 run(s), 1 hit(s), 0 error(s), 1 left on base; Redwood City 0 - Mile High 1
TOP OF THE 4TH
Redwood City Redwoods batting - Pitching for Mile High Broncos : RHP Denny Green
Batting: LHB Patrick Bright 0-0: Foul Ball, location: 2F
0-1: Ball
1-1: Swinging Strike
1-2: Ball
2-2: Strikes out looking
Batting: RHB Steve Sampson 0-0: Ground out 6-3 (Groundball, 6)
Batting: LHB José Peralta 0-0: Called Strike
0-1: SINGLE (Line Drive, 9S)
Batting: RHB Anastasio García 0-0: Ball
1-0: Ball
2-0: Called Strike
2-1: Called Strike
2-2: Ball
3-2: Foul Ball, location: 2F
3-2: Fly out, F6 (Popup, 6MD)
Top of the 4th over - 0 run(s), 1 hit(s), 0 error(s), 1 left on base; Redwood City 0 - Mile High 1
BOTTOM OF THE 4TH
Mile High Broncos batting - Pitching for Redwood City Redwoods : RHP Will Jackson
Batting: RHB Jeff Packard 0-0: Ball
1-0: Ground out 5-3 (Groundball, 5)
Batting: RHB Edward Williams 0-0: Ball
1-0: Ground out 6-3 (Groundball, 6)
Batting: RHB John Brown 0-0: Ball
1-0: Called Strike
1-1: Called Strike
1-2: Ground out 6-3 (Groundball, 6)
Bottom of the 4th over - 0 run(s), 0 hit(s), 0 error(s), 0 left on base; Redwood City 0 - Mile High 1
TOP OF THE 5TH
Redwood City Redwoods batting - Pitching for Mile High Broncos : RHP Denny Green
Batting: LHB Pedro Rodríguez 0-0: Called Strike
0-1: Foul Ball, location: 2F
0-2: Foul Ball, location: 2F
0-2: Strikes out swinging
Batting: RHB David Strickland 0-0: SINGLE (Groundball, 4MD)
Batting: RHB Luis Ramírez 0-0: Ball
1-0: Ball
2-0: Fly out, F5 (Popup, 5L)
Batting: LHB Mike Harris 0-0: Ball
David Strickland steals 2nd base
1-0: Foul Ball, location: 2F
1-1: Ball
2-1: Fly out, F8 (Line Drive, 78M)
Top of the 5th over - 0 run(s), 1 hit(s), 0 error(s), 1 left on base; Redwood City 0 - Mile High 1
BOTTOM OF THE 5TH
Mile High Broncos batting - Pitching for Redwood City Redwoods : RHP Will Jackson
Batting: RHB Evan Robinson 0-0: Fly out, F8 (Flyball, 8RM)
Batting: LHB Ernesto López 0-0: Ball
1-0: Ball
2-0: Ball
3-0: Base on Balls
Batting: LHB Mark Everett 0-0: Foul Ball, location: 2F
0-1: Ball
1-1: Foul Ball, location: 2F
1-2: Ball
2-2: Ball
3-2: Foul Ball, location: 2F
3-2: Foul Ball, location: 2F
3-2: Fly out, F8 (Flyball, 8LD)
Batting: RHB David Moran 0-0: Called Strike
0-1: Swinging Strike
0-2: SINGLE (Line Drive, 56D)
Ernesto López to second
Batting: LHB Dave Cook 0-0: Ball
1-0: Ball
2-0: Ball
3-0: Called Strike
3-1: Base on Balls
Ernesto López to third
David Moran to second
Batting: RHB António Martínez 0-0: Fly out, F8 (Flyball, 8RM)
Bottom of the 5th over - 0 run(s), 1 hit(s), 0 error(s), 3 left on base; Redwood City 0 - Mile High 1
TOP OF THE 6TH
Redwood City Redwoods batting - Pitching for Mile High Broncos : RHP Denny Green
Batting: RHB Robert Downing 0-0: Ball
1-0: Foul Ball, location: 2F
1-1: Swinging Strike
1-2: Ball
2-2: Foul Ball, location: 2F
2-2: Ball
3-2: Strikes out swinging
Batting: LHB Patrick Bright 0-0: Ball
1-0: Ball
2-0: Called Strike
2-1: SINGLE (Groundball, 4MD)
Batting: RHB Steve Sampson 0-0: Ball
1-0: Swinging Strike
1-1: Ball
2-1: Ball
3-1: SINGLE (Groundball, 56D)
Patrick Bright to second
Batting: LHB José Peralta 0-0: Ball
1-0: Foul Ball, location: 2F
1-1: Ball
2-1: SINGLE (Groundball, 56S) (infield hit)
Patrick Bright to third
Steve Sampson to second
Batting: RHB Anastasio García 0-0: Called Strike
0-1: Ball
1-1: Foul Ball, location: 2F
1-2: SINGLE (Line Drive, 7S)
Patrick Bright scores
Steve Sampson to third
José Peralta to second
Batting: LHB Pedro Rodríguez 0-0: Called Strike
0-1: Ball
1-1: DOUBLE (Line Drive, 8RM)
Steve Sampson scores
José Peralta scores
Anastasio García to third
Batting: RHB David Strickland 0-0: Ground out 5-3 (Groundball, 56S)
Batting: RHB Luis Ramírez 0-0: Ball
1-0: Ground out 6-3 (Groundball, 6)
Top of the 6th over - 3 run(s), 5 hit(s), 0 error(s), 2 left on base; Redwood City 3 - Mile High 1
BOTTOM OF THE 6TH
Mile High Broncos batting - Pitching for Redwood City Redwoods : RHP Will Jackson
Pitching: RHP Domingo Franco
Batting: RHB Jeff Packard 0-0: Called Strike
0-1: SINGLE (Line Drive, 78S)
Batting: RHB Edward Williams 0-0: Ball
1-0: Ball
2-0: Ball
3-0: Base on Balls
Jeff Packard to second
Batting: RHB John Brown 0-0: SINGLE (Flyball, 9LS)
Jeff Packard to third
Edward Williams to second
Batting: RHB Evan Robinson 0-0: Ball
1-0: Called Strike
1-1: Ball
2-1: Fly out, F8 (Flyball, 8LS)
Batting: LHB Ernesto López 0-0: Fielders Choice at 2nd, 3-6 (Groundball, 3)
Jeff Packard scores
Edward Williams to third
Batting: LHB Mark Everett 0-0: Ball
1-0: Foul Ball, location: 2F
1-1: Ball
2-1: DOUBLE (Flyball, 7LM)
Edward Williams scores
Ernesto López to third
Pitching: RHP Daniel Betteridge
Batting: RHB David Moran 0-0: Ball
1-0: Foul Ball, location: 2F
1-1: Ball
2-1: Fly out, F7 (Flyball, 7)
Bottom of the 6th over - 2 run(s), 3 hit(s), 0 error(s), 2 left on base; Redwood City 3 - Mile High 3
TOP OF THE 7TH
Redwood City Redwoods batting - Pitching for Mile High Broncos : RHP Denny Green
Batting: LHB Mike Harris 0-0: Ground out 4-3 (Groundball, 4)
Pinch Hitting: LHB Richard Olvera 0-0: Ball
1-0: DOUBLE (Popup, 5D)
Batting: LHB Patrick Bright 0-0: Called Strike
0-1: Ball
1-1: Called Strike
1-2: Fly out, F9 (Flyball, 9D)
Runner from 2nd tags up, SAFE at 3rd, no throw
Pitching: LHP Jorge García
Batting: RHB Steve Sampson 0-0: Swinging Strike
0-1: Fly out, F6 (Popup, 6)
Top of the 7th over - 0 run(s), 1 hit(s), 0 error(s), 1 left on base; Redwood City 3 - Mile High 3
BOTTOM OF THE 7TH
Mile High Broncos batting - Pitching for Redwood City Redwoods : RHP Daniel Betteridge
Now at 2B: Carlos Gonzáles
Batting: LHB Dave Cook 0-0: Ball
1-0: Fly out, F3 (Line Drive, 34)
Batting: RHB António Martínez 0-0: Ball
1-0: Ball
2-0: Foul Ball, location: 2F
2-1: SOLO HOME RUN (Flyball, 78XD), Distance : 410 ft
Batting: RHB Jeff Packard 0-0: Foul Ball, location: 2F
0-1: Ball
1-1: Foul Ball, location: 2F
1-2: Ball
2-2: Ball
3-2: Ground out 6-3 (Groundball, 6)
Batting: RHB Edward Williams 0-0: Fly out, F8 (Flyball, 8LM)
Bottom of the 7th over - 1 run(s), 1 hit(s), 0 error(s), 0 left on base; Redwood City 3 - Mile High 4
TOP OF THE 8TH
Redwood City Redwoods batting - Pitching for Mile High Broncos : LHP Jorge García
Now at SS: Luis Alvarado
Now in CF: José Darias
Now in RF: Pedro Martínez
Batting: LHB José Peralta 0-0: Ball
1-0: Ball
2-0: Called Strike
2-1: Fly out, F4 (Popup, 34D)
Batting: RHB Anastasio García 0-0: Ball
1-0: Ball
2-0: Fly out, F5 (Popup, 56S)
Batting: LHB Pedro Rodríguez 0-0: Ball
1-0: Ground out 6-3 (Groundball, 6D)
Top of the 8th over - 0 run(s), 0 hit(s), 0 error(s), 0 left on base; Redwood City 3 - Mile High 4
BOTTOM OF THE 8TH
Mile High Broncos batting - Pitching for Redwood City Redwoods : RHP Daniel Betteridge
Batting: RHB John Brown 0-0: Ball
1-0: Called Strike
1-1: Ball
2-1: Ball
3-1: Foul Ball, location: 2F
3-2: Base on Balls
Batting: RHB Evan Robinson 0-0: Ball
1-0: Sac Bunt - play at first, batter OUT! 3-4
John Brown to second
Batting: LHB Ernesto López 0-0: Ball
1-0: Swinging Strike
1-1: Called Strike
1-2: DOUBLE (Line Drive, 7D)
John Brown scores
Batting: LHB Mark Everett 0-0: Intentional Walk
Pitching: RHP Gil Paling
Batting: RHB David Moran 0-0: Called Strike
0-1: Ball
1-1: Grounds out, U3 (Groundball, 3L)
Ernesto López to third
Batting: LHB Dave Cook 0-0: Ball
1-0: Ball
2-0: Called Strike
2-1: Ball
3-1: Foul Ball, location: 2F
3-2: Base on Balls
Pinch Hitting: RHB Rodney González 0-0: SINGLE (Groundball, 6MD)
Ernesto López scores
Mark Everett to third
Dave Cook to second
Runner from 3rd tries for Home, SAFE, no throw
Batting: RHB José Darias 0-0: Ball
1-0: Ball
2-0: Called Strike
2-1: Ball
3-1: SINGLE (Line Drive, 34)
Dave Cook to third
Rodney González to second
Batting: SHB Pedro Martínez 0-0: Ball
1-0: Ball
2-0: Fly out, F8 (Flyball, 8LD)
Bottom of the 8th over - 3 run(s), 3 hit(s), 0 error(s), 3 left on base; Redwood City 3 - Mile High 7
TOP OF THE 9TH
Redwood City Redwoods batting - Pitching for Mile High Broncos : LHP Jorge García
Now at SS: Paco Martínez
Batting: RHB David Strickland 0-0: Fly out, F8 (Flyball, 8LS)
Batting: RHB Luis Ramírez 0-0: Foul Ball, location: 2F
0-1: Fly out, F2 (Popup, 23)
Batting: LHB Mike Harris 0-0: Called Strike
0-1: Fly out, F6 (Line Drive, 6M)
Top of the 9th over - 0 run(s), 0 hit(s), 0 error(s), 0 left on base; Redwood City 3 - Mile High 7
Tuesday, August 8th, 2017 - OOTP Baseball 17.12 Build 75